 Dungeon Crawl Stone Soup version 0.18.1-6-gd335043 (webtiles) character file.

196 DrakieV the Grave Robber (level 5, -7/35 HPs)
             Began as a Mummy Necromancer on May 16, 2016.
             Mangled by an orc
             ... wielding a +0 short sword
              (8 damage)
             ... on level 3 of the Dungeon.
             The game lasted 00:16:38 (3402 turns).

DrakieV the Grave Robber (Mummy Necromancer)        Turns: 3402, Time: 00:16:38

Health: -7/35      AC:  2    Str: 11    XL:     5   Next: 45%
Magic:  0/10       EV: 12    Int: 15    God:
Gold:   123        SH:  0    Dex: 13    Spells: 3 memorised, 5 levels left

rFire  . . .     SeeInvis .     g - staff of fire
rCold  + . .     Gourm    .     a - +0 robe
rNeg   + + +     Faith    .     (no shield)
rPois  ∞         Spirit   .     (no helmet)
rElec  .         Dismiss  .     (no cloak)
rCorr  .         Reflect  .     (no gloves)
SustAt .         Harm     .     (no boots)
MR     .....                    (no amulet)
Stlth  ++........               (no ring)
                                (no ring)

@: not resistant to hostile enchantments, unstealthy
A: no food or potions, fire vulnerability, cold resistance 1, negative energy
resistance 3, torment resistance, unbreathing
a: no special abilities


You were on level 3 of the Dungeon.
You were not hungry.

You visited 1 branch of the dungeon, and saw 3 of its levels.

You collected 123 gold pieces.

Inventory:

Hand Weapons
 c - a +0 short sword
Armour
 a - a +0 robe (worn)
Magical Staves
 g - an uncursed staff of fire (weapon)
Wands
 h - a wand of flame (19/48)
Scrolls
 d - 3 scrolls of remove curse
 e - a scroll of fog
 f - a scroll of magic mapping
Books
 b - a book of Necromancy

   Spells                             Type                      Level
   a - Pain                           Necromancy                   1
   b - Animate Skeleton               Necromancy                   1
   c - Vampiric Draining              Necromancy                   3
   d - Regeneration                   Charms/Necromancy            3
   e - Animate Dead                   Necromancy                   4
   f - Control Undead                 Necromancy                   4


   Skills:
 - Level 1.5 Dodging
 - Level 1.5 Stealth
 + Level 3.4 Spellcasting
 - Level 6.0 Necromancy


You had 5 spell levels left.
You knew the following spells:

 Your Spells              Type           Power        Failure   Level  Hunger
a - Pain                  Necr           ###.         1%          1    N/A
d - Vampiric Draining     Necr           ###.......   6%          3    N/A
Q - Animate Skeleton      Necr           N/A          1%          1    N/A

Dungeon Overview and Level Annotations

Branches:
Dungeon (3/15)

Altars:
Elyvilon


Innate Abilities, Weirdness & Mutations

You do not eat or drink.
Your flesh is vulnerable to fire.
You are immune to poison.
Your flesh is cold resistant.
You are immune to negative energy.
You are immune to unholy pain and torment.
You can survive without breathing.


Message History

You closely miss the orc. The ball python bites you.
* * * LOW HITPOINT WARNING * * *
The ball python grabs you.
* * * LOW HITPOINT WARNING * * *
The ball python constricts you. The orc hits you but does no damage.
The ball python bites you.
* * * LOW HITPOINT WARNING * * *
The ball python constricts you.
Casting: Pain
Confirm with . or Enter, or press ? or * to list all spells.
Aiming: Pain
Press: ? - help, Shift-Dir - straight line, f - ball python
Aim: a ball python (constricting you, chance to defeat MR: 95%)
The ball python convulses in agony!
You kill the ball python!
The orc closely misses you.
You hit the orc.
The orc is heavily wounded.
The orc closely misses you. The orc hits you with a short sword!
You die...

######### #
#........ #...)†#
#..o..### +........
###########....$.##
#......o.o.......#
###.######.........
#.#..o@#.........
#.#.##o#.........
#..o...#.........
###.#########....
#....# .... ####.#
.. #....# #....#
###.##


You could see 2 orcs.

Vanquished Creatures
  11 adders
  3 worms (D:2)
  2 dart slugs
  4 giant geckos
  5 orcs (D:3)
  2 giant cockroaches
  5 goblins
  5 hobgoblins
  4 quokkas
  2 ball pythons
  6 bats
  3 giant newts
  9 kobolds
  7 rats
68 creatures vanquished.

Vanquished Creatures (collateral kills)
  An adder (D:2)
  A worm (D:3)
  2 giant geckos (D:1)
  A hobgoblin (D:1)
  2 rats
7 creatures vanquished.

Vanquished Creatures (others)
  A quokka (D:2)
1 creature vanquished.

Grand Total: 76 creatures vanquished

Notes
Turn   | Place    | Note
--------------------------------------------------------------
     0 | D:1      | DrakieV the Mummy Necromancer began the quest for the Orb.
     0 | D:1      | Reached XP level 1. HP: 13/13 MP: 3/3
     2 | D:1      | Learned a level 1 spell: Animate Skeleton
   202 | D:1      | Reached XP level 2. HP: 19/19 MP: 0/5
   816 | D:1      | Reached skill level 5 in Necromancy
   870 | D:1      | Reached XP level 3. HP: 24/24 MP: 4/6
  1309 | D:2      | Learned a level 3 spell: Vampiric Draining
  1413 | D:2      | Reached XP level 4. HP: 30/30 MP: 3/7
  1765 | D:2      | Found a white marble altar of Elyvilon.
  2483 | D:2      | Reached XP level 5. HP: 29/35 MP: 5/9
  2556 | D:2      | Reached skill level 6 in Necromancy
  3400 | D:3      | HP: 1/35 [ball python (1)]
  3402 | D:3      | Mangled by an orc

Skill      XL: |  1  2  3  4  5 |
---------------+----------------+-----
Necromancy     | 5 6 |  6.0
Spellcasting   | 3 |  3.4
Dodging        | |  1.5
Stealth        | |  1.5

Action                   |  1- 3 |  4- 6 || total
-------------------------+-------+-------++-------
Melee: Short sword       |    51 |    27 ||    78
       Staff             |       |    60 ||    60
 Cast: Pain              |    49 |    84 ||   133
       Animate Skeleton  |    20 |     9 ||    29
       Vampiric Draining |       |     4 ||     4
  Use: Scroll            |     2 |     5 ||     7
 Stab: Sleeping          |     1 |       ||     1
Armor: Robe              |    10 |    13 ||    23
Dodge: Dodged            |    38 |   107 ||   145
